 Dungeon Crawl Stone Soup version 0.25-a0-645-gb4487340cb (webtiles) character file.

Game seed: 4152614124103194245, levelgen mode: deterministic

100 CryoSword the Ruffian (level 4, 0/36 HPs)
             Began as a Draconian Transmuter on Mar 21, 2020.
             Slain by Grinder (5 damage)
             ... while paralysed by Grinder
             ... on level 3 of the Dungeon.
             The game lasted 00:09:56 (2503 turns).

CryoSword the Ruffian (Draconian Transmuter)        Turns: 2503, Time: 00:09:57

Health: 0/36       AC:  5    Str: 13    XL:     4   Next: 46%
Magic:  7/7        EV:  2    Int: 13    God:
Gold:   104        SH:  0    Dex: 12    Spells: 4/7 levels left

rFire    . . .     SeeInvis .     - Unarmed
rCold    . . .     Gourm    .   (no shield)
rNeg     . . .     Faith    .   (armour unavailable)
rPois    .         Spirit   .   (helmet restricted)
rElec    .         Reflect  .   (no cloak)
rCorr    .         Harm     .   (no gloves)
MR       .....     Rnd*Rage +   (no boots)
Stlth    +.........             (no amulet)
HPRegen  0.12/turn              e - ring of flight
MPRegen  0.10/turn              (no ring)

@: paralysed, appendage (expiring)
A: unfitting armour, horns 2, stinger 1, berserk 1, cold-blooded, AC +5
a: End Transformation, Evoke Flight


You were on level 3 of the Dungeon.
You were not hungry.
You had grown temporary horns.
You visited 1 branch of the dungeon, and saw 3 of its levels.

You collected 104 gold pieces.

Inventory:

Hand Weapons
 a - a +2 hunting sling of freezing
   (You took it off a goblin on level 2 of the Dungeon)
Missiles
 k - 53 arrows
 l - 3 atropa-tipped darts
 r - 2 silver javelins (quivered)
 s - 24 sling bullets
Jewellery
 e - a ring of flight (left hand)
   (You found it on level 1 of the Dungeon)
Scrolls
 d - a scroll of immolation {!r}
 g - a scroll of blinking {unknown}
 j - a scroll of identify {@r1}
 n - a scroll of amnesia {unknown}
 o - 2 scrolls of teleportation {unknown}
 q - a scroll of random uselessness {unknown}
Potions
 b - a potion of flight {unknown}
 f - a potion of heal wounds {unknown}
 h - a potion of brilliance {unknown}
 i - a potion of invisibility
 m - 3 potions of curing {@q1}
 p - a potion of resistance {unknown}
Comestibles
 c - 6 rations {!d}
 t - a chunk of flesh


   Skills:
 + Level 2.0 Fighting
 + Level 2.3 Dodging
 * Level 3.9 Unarmed Combat
 - Level 2.0 Spellcasting
 * Level 3.3 Transmutations


You had 4 spell levels left.
You knew the following spells:

 Your Spells              Type           Power        Failure   Level  Hunger
a - Beastly Appendage     Tmut           #.....       7%          1    ##.....
b - Sticks to Snakes      Tmut           #.......     10%         2    ###....

Your spell library contained the following spells:

 Spells                   Type           Power        Failure   Level  Hunger
 Spider Form              Tmut/Pois      #.........   36%         3    ####...
 Ice Form                 Ice/Tmut       #.......     78%         4    #####..
 Blade Hands              Tmut           #.........   88%         5    ######.


Dungeon Overview and Level Annotations

Branches:
Dungeon (3/15)

Altars:

Annotations:
D:3 Grinder


Innate Abilities, Weirdness & Mutations

Your plain brown scales are hard. (AC +5)
You cannot fit into any form of body armour.
You are cold-blooded and may be slowed by cold attacks.
You have a pair of horns on your head.
Your tail ends in a poisonous barb.
You tend to lose your temper in combat.


Message History

Quivering
r - 3 silver javelins for throwing.
Drop what? 19/52 slots (_ for help) (? for menu, Esc to quit)
You drop 108 stones.
You butcher the frilled lizard corpse.
g - a chunk of flesh You see here a frilled lizard skeleton. x2
Eating a chunk of flesh.
You eat the chunk of flesh.
This raw flesh tastes terrible.
You see here 108 stones.
You see here a leather armour.
You see here a +1 dagger of protection.
You see here a +0 club.
c - 5 rations {!d} (gained 1) Done exploring.
Done exploring.
You see here a +0 short sword.
There is a stone staircase leading down here.
You climb downwards.
There is a stone staircase leading up here.
You climb upwards.
There is a stone staircase leading down here.
There is a stone staircase leading down here.
You climb downwards.
Grinder comes into view.
Grinder shouts!
Grinder blinks!
Grinder moves out of view.
Found 3 gold pieces.
There is a stone staircase leading up here.
You climb upwards.
There is a stone staircase leading down here.
There is a stone staircase leading up here.
There is a stone staircase leading down here.
You climb downwards.
Level annotation: Grinder
Found a scroll labeled TAUH TYICLIUT.
There is a stone staircase leading up here.
g - a scroll labeled TAUH TYICLIUT You are feeling hungry.
A rat comes into view.
Casting: Beastly Appendage (safe; 7% risk of failure)
Confirm with . or Enter, or press ? or * to list all spells.
You grow a pair of large bovine horns.
The rat closely misses you.
You hit the rat.
You kill the rat!
No target in view!
No target in view!
You see here a rat corpse.
You butcher the rat corpse.
t - a chunk of flesh You see here a rat skeleton.
Eating a chunk of flesh.
You eat the chunk of flesh.
This raw flesh tastes terrible.
Your transformation is almost over.
Magic restored.
Found 16 stones.
You now have 91 gold pieces (gained 15).
Your horns disappear.
You now have 95 gold pieces (gained 4).
Found a stone staircase leading down.
c - 6 rations {!d} (gained 1)
A frilled lizard comes into view.
The helpless frilled lizard fails to defend itself.
You hit the frilled lizard.
You kill the frilled lizard!
You butcher the frilled lizard corpse.
t - a chunk of flesh You see here a frilled lizard skeleton. x2
You now have 104 gold pieces (gained 9).
Grinder is too close now for your liking.
Press: ? - help, v - describe, . - travel
Here: Grinder (hasn't noticed you)
The floor.
Grinder is nearby!
Unknown command.
Throwing (i - inventory. (/) - cycle)
r - 3 silver javelins (quivered)
Press: ? - help, Shift-Dir - straight line, f/p - Grinder
Aim: Grinder (hasn't noticed you, chaotic)
You throw a silver javelin.
The silver javelin barely misses Grinder.
Grinder shouts!
Casting: Beastly Appendage (safe; 7% risk of failure)
Confirm with . or Enter, or press ? or * to list all spells.
You grow a pair of large bovine horns.
Okay, then.
An orc comes into view. It is wielding a +0 flail.
The orc shouts!
Grinder says, "Tell me all your secrets, or I'll kill you."
Grinder blinks!
You hit the orc but do no damage.
Grinder blinks!
The orc hits you with a +0 flail.
You barely miss the orc. You tail-slap the orc.
The orc is almost dead.
The orc barely misses you.
You closely miss the orc.
The orc is almost dead.
Grinder blinks!
You closely miss the orc. Your headbutt misses the orc.
Your tail-slap misses the orc.
The orc is almost dead.
Your transformation is almost over.
The orc hits you but does no damage.
You closely miss the orc. Your headbutt misses the orc.
Your tail-slap misses the orc.
The orc is almost dead.
The orc hits you with a +0 flail.
You hit the orc.
You kill the orc!
Grinder says, "There's only one good use for a tongue: cutting it out."
A hobgoblin comes into view. It is wielding a +0 club.
The hobgoblin shouts!
Found 28 arrows.
Casting: Beastly Appendage (safe; 7% risk of failure)
Confirm with . or Enter, or press ? or * to list all spells.
You extend your transformation's duration.
Grinder hits you but does no damage.
You closely miss Grinder. You headbutt Grinder.
Grinder is lightly wounded.
Grinder misses you.
You closely miss Grinder. You tail-slap Grinder.
Grinder is lightly wounded.
An adder comes into view.
Grinder blinks!
Grinder barely misses you.
You barely miss Grinder. Your headbutt misses Grinder.
Grinder is lightly wounded.
The hobgoblin hits you but does no damage.
Grinder hits you but does no damage.
You hit Grinder.
Grinder is moderately wounded.
The hobgoblin misses you. Grinder hits you.
You writhe in agony.
You barely miss Grinder.
Grinder is moderately wounded.
The hobgoblin misses you. Grinder hits you.
You writhe in agony.
You hit Grinder. You headbutt Grinder.
You tail-slap Grinder, but do no damage.
Grinder is heavily wounded.
Grinder gestures at you.
You suddenly lose the ability to move!
The hobgoblin hits you but does no damage.
Grinder completely misses you.
Your transformation is almost over.
The hobgoblin barely misses you. Grinder hits you!
* * * LOW HITPOINT WARNING * * *
You writhe in agony.
* * * LOW HITPOINT WARNING * * *
The hobgoblin hits you but does no damage.
Grinder hits you.
* * * LOW HITPOINT WARNING * * *
You writhe in agony.
You die...

.........>#...........
....#........#.####.####.
.####........#.# #.# ..
## #.....##.#.####.#..
#.###.##.#.#....#.. #.#
#.##.#........ #.#
#.##......#.#. ..#
#.........#.#.. #
######..@...# .. .#
#.g5##.####(####.#
#..S##..).5......#
#...###.####.#<..# #...#
#.............
..............#...###
#.#......$........##
...#..######.####..# (..
... #.# #..#


You could see Grinder, an adder and a hobgoblin.

Vanquished Creatures
  Robin (D:2)
  2 adders (D:2)
  A worm (D:2)
  3 dart slugs
  3 leopard geckos (D:2)
  An orc (D:3)
  2 giant cockroaches (D:1)
  9 goblins (D:2)
  6 hobgoblins
  3 jackals (D:1)
  A ball python (D:1)
  8 bats
  5 frilled lizards
  4 kobolds
  8 rats
57 creatures vanquished.

Notes
Turn   | Place    | Note
-------+----------+-------------------------------------------
     0 | D:1      | CryoSword the Draconian Transmuter began the quest for the
                  | Orb.
     0 | D:1      | Reached XP level 1. HP: 16/16 MP: 3/3
   286 | D:1      | Reached XP level 2. HP: 23/23 MP: 5/5
   639 | D:1      | Learned a level 2 spell: Sticks to Snakes
   737 | D:2      | Reached XP level 3. HP: 23/28 MP: 6/6
   760 | D:2      | Gained mutation: You are weak. (Str -2) [potion of
                  | mutation]
   760 | D:2      | Gained mutation: You tend to lose your temper in combat.
                  | [potion of mutation]
   760 | D:2      | Lost mutation: You are weak. (Str -2) [potion of mutation]
   760 | D:2      | Gained mutation: Your tail ends in a poisonous barb.
                  | [potion of mutation]
  1532 | D:2      | Reached XP level 4. HP: 35/36 MP: 5/7
  1619 | D:2      | Noticed Robin
  1650 | D:2      | Killed Robin
  2341 | D:3      | Noticed Grinder
  2500 | D:3      | Paralysed by Grinder for 5 turns
  2503 | D:3      | Slain by Grinder

Levels and vault maps discovered:
D:1:      lemuel_arrival_rhombus, layout_basic
D:2:      layout_loops_cross, uniq_robin
D:3:      layout_loops_ring, old_standard_altar, uniq_crazy_yiuf_cottage,
          uniq_grinder, uniq_jessica

Skill      XL: |  1  2  3  4 |
---------------+-------------+-----
Dodging        | 2 |  2.3
Transmutations | 3 |  3.3
Fighting       | 2 |  2.0
Unarmed Combat | |  3.9
Spellcasting   | |  2.0

Action                   |  1- 3 |  4- 6 || total
-------------------------+-------+-------++-------
Melee: Unarmed           |   123 |    56 ||   179
       Tailslap          |    13 |     5 ||    18
       Kick              |     9 |     4 ||    13
       Headbutt          |     6 |     6 ||    12
       Punch             |     1 |       ||     1
 Fire: Hunting sling     |       |     1 ||     1
Throw: Stone             |     1 |       ||     1
       Javelin           |       |     1 ||     1
 Cast: Beastly Appendage |    22 |     7 ||    29
  Use: Scroll            |     3 |       ||     3
       Potion            |     3 |       ||     3
 Stab: Sleeping          |     3 |     1 ||     4
  Eat: Chunk             |     3 |     3 ||     6
Armor: Skin              |    37 |    18 ||    55
Dodge: Dodged            |    78 |    39 ||   117

Table legend:
 A = Non-vault XP
 B = Vault XP
 C = Vault XP percentage of total XP
 D = Non-vault monster count
 E = Vault monster count
 F = Vault count percentage of total count
                 A         B        C        D         E       F
            +---------+---------+-------+---------+---------+-------
      Total |     107 |      36 |  25.2 |      45 |      12 |  21.1
            +---------+---------+-------+---------+---------+-------
        D:1 |      36 |       0 |   0.0 |      22 |       0 |   0.0
        D:2 |      66 |      36 |  35.3 |      20 |      12 |  37.5
        D:3 |       5 |       0 |   0.0 |       3 |       0 |   0.0
            +---------+---------+-------+---------+---------+-------
